AoeStats
← Remixi

Black Forest

509520315Analyzed
4v4 RM · 4d ago on Sep 27, 2026· 60m 1s· 8 players
Game mode
Random Map
Map size
Large (8 player)
Population
200
Speed
Normal
Resources
Standard
Victory
Conquest
Starting age
Dark Age
Ending age
Imperial Age
RankedLock teamsTeams togetherTeam positionsShared explorationLock speedFull tech treeHidden civsTurbo modeCheats
Victory
Defeat
🇨🇱 Maya · Chile
1014
+14
🇨🇱 Aztecs · Chile
1011
+14
🇨🇱 Mapuche · Chile
998
+14
🇨🇱 Inca · Chile
985
+15
🇺🇸 Danes · United States
1017
-17
🇵🇱 Mongols · Poland
969
-14
🇦🇷 Franks · Argentina
950
-14
🇦🇷 Khmer · Argentina
919
-12
Dispa
13:03 Loom
15:29 Feudal Age
20:20 Fletching
23:00 Castle Age
32:44 Imperial Age
33:10 Fortified Wall
35:43 Pikeman
44:57 Double Crossbow
48:37 Bloodlines
47:49 Light Cavalry
51:08 Wheelbarrow
50:19 Town Watch
50:38 Gold Mining
50:37 Double-Bit Axe
50:35 Horse Collar
51:52 Husbandry
56:29 Chemistry
57:18 Hussar
58:12 Scale Barding Armor
Kevin_MdP
1:05 Loom
13:48 Feudal Age
15:37 Man-at-Arms
19:12 Forging
19:03 Arson
20:12 Double-Bit Axe
23:44 Castle Age
23:33 Gold Mining
24:04 Scale Mail Armor
23:53 Long Swordsman
25:12 Iron Casting
24:31 Gambesons
25:20 Bow Saw
26:48 Squires
35:04 Imperial Age
34:03 Town Watch
35:08 Two-Handed Swordsman
36:31 Capped Ram
38:59 Champion
40:55 Chain Mail Armor
42:16 Chemistry
42:47 Wheelbarrow
43:04 Conscription
43:28 Elite Jomsviking
45:24 Hand Cart
45:38 Hamask
52:10 Plate Mail Armor
52:41 Blast Furnace
52:58 Siege Ram
odoaker2
10:20 Feudal Age
11:04 Double-Bit Axe
15:57 Castle Age
14:23 Stone Mining
14:23 Horse Collar
17:28 Bow Saw
25:01 Gold Mining
25:54 Fletching
26:04 Padded Archer Armor
29:16 Loom
29:17 Town Watch
30:12 Masonry
29:57 Murder Holes
33:29 Town Patrol
34:05 Wheelbarrow
33:38 Bodkin Arrow
33:59 Leather Archer Armor
33:55 Forging
34:10 Ballistics
34:42 Scale Barding Armor
36:08 Gold Shaft Mining
38:50 Imperial Age
36:36 Hand Cart
37:14 Stone Shaft Mining
37:16 Iron Casting
37:05 Bloodlines
36:56 Husbandry
37:24 Fortified Wall
37:58 Husbandry
37:18 Light Cavalry
38:39 Chain Barding Armor
39:42 Bracer
40:43 Blast Furnace
40:49 Chemistry
40:06 Thumb Ring
40:26 Parthian Tactics
39:30 Onager
42:30 Hoardings
42:16 Drill
41:29 Siege Onager
41:36 Siege Onager
42:44 Conscription
42:06 Hussar
46:36 Elite Mangudai
48:56 Caravan
50:04 Heavy Scorpion
Dishito
1:40 Loom
11:12 Feudal Age
17:16 Castle Age
16:57 Scale Barding Armor
17:05 Double-Bit Axe
19:19 Husbandry
21:57 Fletching
25:12 Bodkin Arrow
33:11 Husbandry
35:31 Sanctity
44:39 Pikeman
45:46 Bow Saw
46:33 Squires
52:04 Scale Mail Armor
52:25 Chain Barding Armor
52:43 Gambesons
56:26 Forging
61:51 Imperial Age
Gekyume
0:31 Loom
12:03 Feudal Age
16:00 Castle Age
36:20 Scale Mail Armor
51:04 Double-Bit Axe
51:38 Horse Collar
52:08 Bow Saw
52:13 Padded Archer Armor
53:01 Fletching
54:25 Ballistics
54:36 Leather Archer Armor
54:16 Bodkin Arrow
57:04 Forging
59:18 Iron Casting
Remixi
0:26 Loom
13:55 Feudal Age
20:37 Castle Age
18:47 Double-Bit Axe
23:52 Bow Saw
26:09 Horse Collar
27:02 Heavy Plow
30:30 Wheelbarrow
33:30 Hand Cart
34:59 Gold Mining
38:54 Gold Shaft Mining
43:40 Fortified Wall
46:42 Imperial Age
45:41 Masonry
45:34 Town Watch
46:46 Onager
48:15 Crop Rotation
48:25 Town Patrol
49:57 Heavy Scorpion
52:00 Chemistry
52:52 Hoardings
54:33 Stone Mining
54:49 Champi Runner
55:29 Squires
58:18 Champi Warrior
pipe
12:11 Loom
14:34 Feudal Age
16:18 Double-Bit Axe
16:20 Horse Collar
17:37 Wheelbarrow
16:58 Stone Mining
21:21 Castle Age
22:41 Hand Cart
28:16 Gold Mining
31:05 Forging
31:02 Heavy Plow
31:14 Bow Saw
35:43 Imperial Age
33:27 Arson
33:29 Gambesons
33:44 Squires
36:52 Conscription
38:21 Iron Casting
38:38 Gold Shaft Mining
38:36 Crop Rotation
40:32 Conscription
40:33 Garland Wars
39:34 Elite Jaguar Warrior
42:08 Blast Furnace
41:09 Scale Mail Armor
46:23 Treadmill Crane
47:44 Chemistry
46:55 Siege Engineers
48:40 Herbal Medicine
48:56 Onager
51:18 Siege Onager
52:44 Fortified Wall
Lerny
12:08 Feudal Age
16:13 Castle Age
14:36 Loom
15:22 Double-Bit Axe
21:25 Horse Collar
29:48 Wheelbarrow
31:56 Imperial Age
30:17 Bow Saw
30:09 Heavy Plow
31:14 Fletching
31:24 Padded Archer Armor
31:54 Ballistics
32:01 Bodkin Arrow
32:13 Gold Mining
32:23 Stone Mining
37:25 Two-Man Saw
38:04 Elite Plumed Archer
43:29 Crop Rotation
43:01 Bracer
43:16 Leather Archer Armor
45:53 Hand Cart
46:43 Chemistry
46:21 Stone Shaft Mining
49:34 Caravan
49:25 Eagle Warrior
50:07 Squires
49:53 Arson
50:26 Forging
50:16 Scale Mail Armor
50:48 Ring Archer Armor
50:06 Town Watch
51:23 Coinage
51:00 Elite Eagle Warrior
52:20 Chain Mail Armor
52:40 Iron Casting
54:23 Plate Mail Armor
55:58 Conscription
57:31 Treadmill Crane
Connection lost

Rejoining the realm…

Still unreachable

The connection could not be restored.

Session expired

The server has moved on; the page needs a fresh start.